 Dungeon Crawl Stone Soup version 0.29.0-5-ge4962eb29e (webtiles) character file.

Game seed: 4219471637488406225

1393 diana the Ducker (level 8, -2/56 HPs)
             Began as an Octopode Transmuter on Aug 28, 2022.
             Was an Initiate of Gozag.
             Killed by nerve-wracking pain
             ... invoked by Grinder
              (12 damage)
             ... on level 5 of the Dungeon.
             The game lasted 00:20:25 (7539 turns).

diana the Ducker (Octopode Transmuter)              Turns: 7539, Time: 00:20:25

Health: -2/56      AC:  1    Str: 10    XL:     8   Next: 68%
Magic:  12/13      EV: 15    Int: 17    God:    Gozag
Gold:   81         SH:  0    Dex: 12    Spells: 5/14 levels left

rFire   . . .      SeeInvis .     - Unarmed
rCold   . . .      Faith    .   (no shield)
rNeg    . . .      Spirit   .   (helmet restricted)
rPois   .          Reflect  .   (no amulet)
rElec   .          Harm     .   (no ring)
rCorr   .          Rampage  .   (no ring)
Will    .....                   (no ring)
Stlth   ++........              (no ring)
HPRegen 0.18/turn               (no ring)
MPRegen 0.13/turn               (no ring)
                                (no ring)
                                (no ring)

@: no status effects
A: almost no armour, amphibious, 8 rings, camouflage 1, gelatinous body 1,
(nimble swimmer 1), tentacles
a: Renounce Religion, Potion Petition, Call Merchant, Bribe Branch


You were on level 5 of the Dungeon.
You worshipped Gozag.
Gozag was noncommittal.
You visited 1 branch of the dungeon, and saw 5 of its levels.

You collected 390 gold pieces.
You spent 220 gold pieces at shops.
You paid 89 gold pieces to Gozag.

Inventory:

Wands
 f - a wand of polymorph (1)
Scrolls
 b - 7 scrolls of identify {unknown}
 d - a scroll of amnesia {unknown}
 e - a scroll of noise {unknown}
 h - a scroll of summoning {unknown}
 i - 2 scrolls of poison {unknown}
 j - a scroll of immolation {unknown}
 k - 3 scrolls of enchant weapon {unknown}
 r - a scroll of fog {unknown}
 s - a scroll of enchant armour {unknown}
Potions
 a - a potion of lignification
 c - 2 potions of curing
 g - a potion of degeneration {unknown}
 l - a potion of magic {unknown}
 m - a potion of berserk rage {unknown}
 n - a potion of might
 o - a potion of mutation
 p - a potion of heal wounds
 q - 2 potions of brilliance {unknown}


   Skills:
 * Level 5.5 Fighting
 * Level 5.8 Dodging
 + Level 4.9 Unarmed Combat
 + Level 3.9 Spellcasting
 + Level 4.3 Transmutations


You had 5 spell levels left.
You knew the following spells:

 Your Spells              Type           Power      Damage    Failure   Level
a - Beastly Appendage     Tmut           36%        N/A       2%          1
b - Wereblood             Tmut           18%        N/A       4%          2
c - Spider Form           Tmut/Pois      10%        N/A       21%         3
d - Passwall              Tmut/Erth      8%         N/A       10%         2
e - Sandblast             Erth           6%         2d5       16%         1

Your spell library contained the following spells:

 Spells                   Type           Power      Damage    Failure   Level
 Magic Dart               Conj           12%        1d3       16%         1
 Searing Ray              Conj           6%         2d4       24%         2
 Gell's Gravitas          Tloc           3%         N/A       43%         3
 Stone Arrow              Conj/Erth      6%         3d7       43%         3
 Teleport Other           Tloc           3%         N/A       43%         3
 Ice Form                 Ice/Tmut       10%        N/A       54%         4
 Fulminant Prism          Conj/Hex       1%         3d6       85%         4
 Dispersal                Tloc           1%         N/A       100%        6


Dungeon Overview and Level Annotations

Branches:
Dungeon (5/15)
 Temple: D:4-7

Altars:
Ashenzari
Cheibriados
Dithmenos
Fedhas
Gozag
Hepliaklqana
Kikubaaqudgha
Qazlal
Trog
Xom
Yredelemnul
The Shining One

Shops:
D:4 (   D:5 !

Annotations:
D:5 Grinder


Innate Abilities, Weirdness & Mutations

You cannot wear most types of armour.
You are amphibious.
You can wear up to eight rings at the same time.
Your skin changes colour to match your surroundings (Stealth+).
Your rubbery body absorbs attacks. (AC +1, EV +1)
((You are camouflaged when in or above water. (Stealth+)))
You have tentacles for arms and can constrict up to eight enemies at once.


Message History

Grinder is heavily wounded.
Grinder misses you.
You barely miss Grinder.
Grinder is heavily wounded.
Grinder barely misses you.
You barely miss Grinder.
Grinder is heavily wounded.
Grinder misses you.
You bite Grinder!
Grinder is severely wounded.
Your transformation is almost over.
You hit Grinder.
Grinder is severely wounded.
Grinder completely misses you.
You barely miss Grinder.
Grinder is severely wounded.
Grinder drinks a potion.
Grinder is healed!
You barely miss Grinder.
Grinder is heavily wounded.
Grinder gestures at you. Pain shoots through your body!
You are too injured to fight recklessly!
You are too injured to fight recklessly!
You are too injured to fight recklessly!
You hit Grinder.
Grinder is severely wounded.
Grinder gestures at you. Pain shoots through your body!
* * * LOW HITPOINT WARNING * * *
You hit Grinder but do no damage.
Grinder is poisoned.
Grinder is severely wounded.
Grinder blinks!
Grinder gestures at you. Pain shoots through your body!
* * * LOW HITPOINT WARNING * * *
Your transformation has ended.
Grinder gestures at you. Pain shoots through your body!
You die...
Your body crumbles into a pile of gold.

##............
###.............
#...............
#...............
##...........>.. ###
##............. ###.#
###.............
##...###..###..........
###....#@.###
###........ #.......###
#........ #...5...##
##.##>... .........#
#..##### .........#
######.## ........##
##...(...# ........#
##........## ........#
##..........##
........#
##............#


You could see Grinder (very poisoned).

Vanquished Creatures
  An unseen horror (D:5)
  Sigmund (D:3)
  Pargi (D:4)
  2 ogres
  A necrophage (D:4)
  A scorpion (D:4)
  2 hounds (D:4)
  3 orc priests
  2 orc wizards (D:4)
  4 iguanas
  8 gnolls
  7 adders
  A worm (D:5)
  8 dart slugs
  22 orcs
  9 endoplasms
  A giant cockroach (D:1)
  9 goblins
  8 hobgoblins
  4 jackals (D:3)
  5 kobolds
  4 quokkas
  8 ball pythons
  4 bats
  5 frilled lizards
  14 rats
135 creatures vanquished.

Vanquished Creatures (others)
  A fungus (D:1)
  5 toadstools (D:1)
6 creatures vanquished.

Grand Total: 141 creatures vanquished

Notes
Turn   | Place    | Note
-------+----------+-------------------------------------------
     0 | D:1      | diana the Octopode Transmuter began the quest for the Orb.
     0 | D:1      | Reached XP level 1. HP: 13/13 MP: 3/3
   166 | D:1      | You fall into a shaft and drop 1 floor!
   189 | D:2      | Reached XP level 2. HP: 18/18 MP: 1/5
   262 | D:2      | Reached XP level 3. HP: 14/23 MP: 4/6
   534 | D:2      | Learned a level 2 spell: Wereblood
   716 | D:2      | Found a faded altar of an unknown god.
   849 | D:2      | Reached XP level 4. HP: 17/29 MP: 5/7
  2112 | D:2      | Learned a level 3 spell: Spider Form
  2969 | D:3      | Reached XP level 5. HP: 31/35 MP: 6/8
  3256 | D:3      | Noticed an ogre
  3682 | D:3      | Noticed Sigmund
  3691 | D:3      | Killed Sigmund
  3692 | D:3      | Reached XP level 6. HP: 33/42 MP: 5/10
  4066 | D:4      | Reached XP level 7. HP: 47/47 MP: 6/11
  4198 | D:4      | Noticed Pargi
  4207 | D:4      | Killed Pargi
  4663 | D:4      | Found Xumovoass's Antique Weapon Shoppe.
  4809 | D:4      | Reached skill level 5 in Dodging
  4809 | D:4      | Reached XP level 8. HP: 54/54 MP: 5/13
  5688 | D:4      | Found a snail-covered altar of Cheibriados.
  5690 | D:4      | Found an opulent altar of Gozag.
  5695 | D:4      | Found a blossoming altar of Fedhas.
  5697 | D:4      | Became a worshipper of Gozag Ym Sagoz the Greedy
  5700 | D:4      | Found a glowing golden altar of the Shining One.
  5701 | D:4      | Found an ancient bone altar of Kikubaaqudgha.
  5701 | D:4      | Found a shadowy altar of Dithmenos.
  5701 | D:4      | Found a hazy altar of Hepliaklqana.
  5702 | D:4      | Found a basalt altar of Yredelemnul.
  5704 | D:4      | Found a broken altar of Ashenzari.
  5706 | D:4      | Found a shimmering altar of Xom.
  5843 | D:5      | Entered Level 5 of the Dungeon
  5887 | D:5      | Reached skill level 5 in Fighting
  6196 | D:5      | Found a bloodstained altar of Trog.
  6196 | D:5      | Found a stormy altar of Qazlal.
  6214 | D:5      | Found Iputav's Distillery.
  6226 | D:5      | Bought a potion of curing for 33 gold pieces
  6226 | D:5      | Bought a potion of might for 44 gold pieces
  6226 | D:5      | Bought a potion of mutation for 88 gold pieces
  6226 | D:5      | Bought a potion of heal wounds for 55 gold pieces
  6860 | D:5      | Killed an unseen horror
  7414 | D:5      | Learned a level 2 spell: Passwall
  7450 | D:5      | Learned a level 1 spell: Sandblast
  7516 | D:5      | Noticed Grinder
  7539 | D:5      | Killed from afar by Grinder

Illustrated notes

Levels and vault maps discovered:
D:1:      lemuel_arrival_room, layout_loops_ring, minivault_19,
          minmay_gold_behind_fungi, nicolae_hexahallways
D:2:      layout_rooms, hellmonk_ecumenical_altar_pennies_from_heaven
D:3:      layout_basic, uniq_sigmund
D:4:      layout_loops_ring, minitemple, serial_shops,
          nicolae_shop_advertising_works [nicolae_subvault_shop_adworks],
          uniq_pargi
D:5:      layout_cave_pods, gammafunk_temple_overflow_wave, serial_shops,
          nicolae_shop_trees, uniq_grinder

Skill      XL: |  1  2  3  4  5  6  7  8 |
---------------+-------------------------+-----
Fighting       | 2 3 4 5 |  5.5
Dodging        | 3 4 5 |  5.8
Transmutations | 3 4 |  4.3
Unarmed Combat | 4 |  4.9
Spellcasting   | 3 |  3.9

Action                   |  1- 3 |  4- 6 |  7- 9 || total
-------------------------+-------+-------+-------++-------
Melee: Unarmed           |    59 |   139 |   159 ||   357
       Constrict         |    18 |    27 |    20 ||    65
       Tentacles         |     7 |    22 |    15 ||    44
       Kick              |    21 |    30 |    28 ||    79
       Punch             |       |     1 |     4 ||     5
 Cast: Beastly Appendage |    18 |    37 |    21 ||    76
       Wereblood         |       |     5 |     4 ||     9
       Spider Form       |       |     3 |    11 ||    14
  Use: Potion            |       |       |     1 ||     1
 Stab: Sleeping          |     3 |     8 |     2 ||    13
Armor: Skin              |     4 |     3 |    29 ||    36
Dodge: Dodged            |    33 |    91 |   106 ||   230
